| TOP OF THE 1ST |
|
Miami Marlins batting - Pitching for Pittsburgh Pirates : RHP Ian Toney
|
|
Pitching: RHP Ian Toney
|
|
|
Batting: RHB Roger Salazar
|
0-0: Called Strike 0-1: Called Strike 0-2: Strikes out swinging
|
|
Batting: RHB Matt Thompson
|
0-0: Foul Ball, location: 2F 0-1: Foul Ball, location: 2F 0-2: Strikes out swinging, 2-3 out at first.
|
|
Batting: RHB Jimmy Groseclose
|
0-0: DOUBLE (Groundball, 5L, EV 108.8 MPH)
|
|
Batting: RHB Bert Clark
|
0-0: Ball 1-0: SINGLE (Groundball, 4D, EV 104.4 MPH) Jimmy Groseclose to third Runner from 3rd tries for Home, SAFE, throw by CF to home
|
|
Batting: RHB Tony Stedman
|
0-0: Called Strike 0-1: Ball 1-1: Ball 2-1: Fielders Choice at 2nd, 6-4 (Groundball, 6, EV 88.8 MPH)
|
| Top of the 1st over - 1 run, 2 hits, 0 errors, 1 left on base; Miami 1 - Pittsburgh 0 |
| BOTTOM OF THE 1ST |
|
Pittsburgh Pirates batting - Pitching for Miami Marlins : RHP Mike Torres
|
|
Pitching: RHP Mike Torres
|
|
|
Batting: LHB Jordan de Jesus
|
0-0: Bunt for hit to 13 - play at first, batter OUT! 1-3
|
|
Batting: RHB Chiel Palstermans
|
0-0: Ball 1-0: Called Strike 1-1: Called Strike 1-2: Ground out 5-3 (Groundball, 56, EV 86.9 MPH)
|
|
Batting: LHB Brad Pepin
|
0-0: Ground out 4-3 (Groundball, 34, EV 90.0 MPH)
|
| Bottom of the 1st over - 0 runs, 0 hits, 0 errors, 0 left on base; Miami 1 - Pittsburgh 0 |
| TOP OF THE 2ND |
|
Miami Marlins batting - Pitching for Pittsburgh Pirates : RHP Ian Toney
|
|
Batting: RHB Mike Gar
|
0-0: Foul Ball, location: 2F 0-1: Foul Ball, location: 2F 0-2: Strikes out looking
|
|
Batting: RHB Steve Barnard
|
0-0: Ball 1-0: Fly out, F4 (Flyball, 4D, EV 85.0 MPH)
|
|
Batting: RHB Willie Chavez
|
0-0: Ball 1-0: Called Strike 1-1: Ball 2-1: Swinging Strike 2-2: Ground out 6-3 (Groundball, 6, EV 102.5 MPH)
|
| Top of the 2nd over - 0 runs, 0 hits, 0 errors, 0 left on base; Miami 1 - Pittsburgh 0 |
| BOTTOM OF THE 2ND |
|
Pittsburgh Pirates batting - Pitching for Miami Marlins : RHP Mike Torres
|
|
Batting: LHB Nick Rooney
|
0-0: Ground out 4-3 (Groundball, 4, EV 101.2 MPH)
|
|
Batting: RHB David Contreras
|
0-0: Ball 1-0: Foul Ball, location: 2F 1-1: Ball 2-1: Swinging Strike 2-2: Foul Ball, location: 2F 2-2: Foul Ball, location: 2F 2-2: Ball 3-2: Foul Ball, location: 2F 3-2: Foul Ball, location: 2F 3-2: Base on Balls
|
|
Batting: LHB Micah Boshnjaku
|
0-0: Called Strike 0-1: Swinging Strike 0-2: Strikes out swinging
|
|
Batting: SHB Jack Andrews
|
0-0: Ball 1-0: DOUBLE (Line Drive, 89D, EV 110.0 MPH) David Contreras to third Runner from 3rd tries for Home, SAFE, throw by CF to trailing runner, SAFE at third!
|
|
Batting: LHB Sammy Roddenberry
|
0-0: Ball 1-0: Ball 2-0: Ball 3-0: Called Strike 3-1: Swinging Strike 3-2: Strikes out swinging
|
| Bottom of the 2nd over - 1 run, 1 hit, 0 errors, 1 left on base; Miami 1 - Pittsburgh 1 |
| TOP OF THE 3RD |
|
Miami Marlins batting - Pitching for Pittsburgh Pirates : RHP Ian Toney
|
|
Batting: LHB Eric Bailey
|
0-0: Foul Ball, location: 2F 0-1: Ground out 4-3 (Groundball, 34, EV 105.6 MPH)
|
|
Batting: RHB Roger Salazar
|
0-0: Ball 1-0: Foul Ball, location: 2F 1-1: Foul Ball, location: 2F 1-2: Foul Ball, location: 2F 1-2: Ball 2-2: Ball 3-2: Ground out 4-3 (Groundball, 4S, EV 80.0 MPH)
|
|
Batting: RHB Matt Thompson
|
0-0: Called Strike 0-1: Called Strike 0-2: Ball 1-2: Foul Ball, location: 2F 1-2: Ball 2-2: Strikes out swinging
|
| Top of the 3rd over - 0 runs, 0 hits, 0 errors, 0 left on base; Miami 1 - Pittsburgh 1 |
| BOTTOM OF THE 3RD |
|
Pittsburgh Pirates batting - Pitching for Miami Marlins : RHP Mike Torres
|
|
Batting: SHB Trevor Weareorwear
|
0-0: Ball 1-0: Ball 2-0: SINGLE (Line Drive, 56D, EV 97.5 MPH)
|
|
Batting: LHB Jordan de Jesus
|
0-0: Ball 1-0: Ball 2-0: Foul Ball, location: 2F 2-1: Foul Ball, location: 2F 2-2: Ball 3-2: SINGLE (Line Drive, 4M, EV 99.4 MPH) Trevor Weareorwear to second
|
|
Batting: RHB Chiel Palstermans
|
0-0: Called Strike 0-1: Ball 1-1: Fly out, F3 (Popup, 3SF, EV 66.9 MPH)
|
|
Batting: LHB Brad Pepin
|
0-0: Ball 1-0: Fly out, F8 (Line Drive, 8LD, EV 91.9 MPH)
|
|
Batting: LHB Nick Rooney
|
0-0: Called Strike 0-1: Ball 1-1: Ball 2-1: Ball 3-1: Base on Balls Trevor Weareorwear to third Jordan de Jesus to second
|
|
Batting: RHB David Contreras
|
0-0: Swinging Strike 0-1: Ball 1-1: Ground out 4-3 (Groundball, 4, EV 81.9 MPH)
|
| Bottom of the 3rd over - 0 runs, 2 hits, 0 errors, 3 left on base; Miami 1 - Pittsburgh 1 |
| TOP OF THE 4TH |
|
Miami Marlins batting - Pitching for Pittsburgh Pirates : RHP Ian Toney
|
|
Batting: RHB Jimmy Groseclose
|
0-0: Called Strike 0-1: Called Strike 0-2: Ball 1-2: Ball 2-2: Fly out, F7 (Line Drive, 78S, EV 108.8 MPH)
|
|
Batting: RHB Bert Clark
|
0-0: Ball 1-0: Called Strike 1-1: Called Strike 1-2: Ball 2-2: Foul Ball, location: 2F 2-2: Foul Ball, location: 2F 2-2: Foul Ball, location: 2F 2-2: Ground out 1-3 (Groundball, 34S, EV 65.0 MPH)
|
|
Batting: RHB Tony Stedman
|
0-0: Ball 1-0: Ball 2-0: Called Strike 2-1: Ground out 5-3 (Groundball, 56, EV 93.8 MPH)
|
| Top of the 4th over - 0 runs, 0 hits, 0 errors, 0 left on base; Miami 1 - Pittsburgh 1 |
| BOTTOM OF THE 4TH |
|
Pittsburgh Pirates batting - Pitching for Miami Marlins : RHP Mike Torres
|
|
Batting: LHB Micah Boshnjaku
|
0-0: Called Strike 0-1: Foul Ball, location: 2F 0-2: Ball 1-2: Foul Ball, location: 2F 1-2: Ball 2-2: Foul Ball, location: 2F 2-2: Foul Ball, location: 2F 2-2: Foul Ball, location: 2F 2-2: Ball 3-2: Base on Balls
|
|
Batting: SHB Jack Andrews
|
0-0: Ball 1-0: Ball 2-0: Foul Ball, location: 2F Pickoff Play to 1st, Runner tries for 2nd, OUT after rundown. 2-1: Foul Ball, location: 2F 2-2: Ball 3-2: Fly out, F7 (Line Drive, 7, EV 86.9 MPH)
|
|
Batting: LHB Sammy Roddenberry
|
0-0: Fly out, F5 (Line Drive, 5, EV 61.9 MPH)
|
| Bottom of the 4th over - 0 runs, 0 hits, 0 errors, 0 left on base; Miami 1 - Pittsburgh 1 |
| TOP OF THE 5TH |
|
Miami Marlins batting - Pitching for Pittsburgh Pirates : RHP Ian Toney
|
|
Now at 1B: Chris Pozzi
|
|
|
Now at 2B: Xavier Pittman
|
|
|
Now at SS: Bubba Tierney
|
|
|
Now in LF: Chris Salim
|
|
|
Now in RF: Sammy Roddenberry
|
|
|
Batting: RHB Mike Gar
|
0-0: Ball 1-0: Ball 2-0: Ground out 6-3 (Groundball, 6S, EV 65.0 MPH)
|
|
Batting: RHB Steve Barnard
|
0-0: Ball 1-0: Called Strike 1-1: Foul Ball, location: 2F 1-2: SINGLE (Groundball, 56S, EV 75.6 MPH) (infield hit)
|
|
Batting: RHB Willie Chavez
|
0-0: SINGLE (Groundball, 56D, EV 94.4 MPH) Steve Barnard to second
|
|
Batting: LHB Eric Bailey
|
0-0: Ball 1-0: Grounds into double play, 4-6-3 (Groundball, 4, EV 97.5 MPH)
|
| Top of the 5th over - 0 runs, 2 hits, 0 errors, 1 left on base; Miami 1 - Pittsburgh 1 |
| BOTTOM OF THE 5TH |
|
Pittsburgh Pirates batting - Pitching for Miami Marlins : RHP Mike Torres
|
|
Now at 2B: Adam McGurn
|
|
|
Batting: SHB Trevor Weareorwear
|
0-0: Ground out 6-3 (Groundball, 6, EV 86.2 MPH)
|
|
Batting: LHB Xavier Pittman
|
0-0: Ball 1-0: Foul Ball, location: 2F 1-1: Ground out 6-3 (Groundball, 4MS, EV 81.2 MPH)
|
|
Batting: LHB Chris Salim
|
0-0: Ball 1-0: DOUBLE (Line Drive, 5D, EV 93.8 MPH)
|
|
Batting: RHB Chris Pozzi
|
0-0: Called Strike 0-1: Called Strike 0-2: Ball 1-2: Strikes out swinging
|
| Bottom of the 5th over - 0 runs, 1 hit, 0 errors, 1 left on base; Miami 1 - Pittsburgh 1 |
| TOP OF THE 6TH |
|
Miami Marlins batting - Pitching for Pittsburgh Pirates : RHP Ian Toney
|
|
Pitching: RHP Hugo Rodriguez
|
|
|
Pinch Hitting: RHB Alberto Cotto
|
0-0: Ground out 2-3 (Groundball, 15S, EV 65.6 MPH)
|
|
Batting: RHB Adam McGurn
|
0-0: Ball 1-0: Foul Ball, location: 2F 1-1: Ball 2-1: Foul Ball, location: 2F 2-2: Foul Ball, location: 2F 2-2: Foul Ball, location: 2F 2-2: Ball 3-2: Fly out, F8 (Line Drive, 8LM, EV 86.2 MPH)
|
|
Pinch Hitting: LHB Adam Durgin
|
0-0: Foul Ball, location: 2F 0-1: Foul Ball, location: 2F 0-2: Foul Ball, location: 2F 0-2: Ball 1-2: Strikes out swinging
|
| Top of the 6th over - 0 runs, 0 hits, 0 errors, 0 left on base; Miami 1 - Pittsburgh 1 |
| BOTTOM OF THE 6TH |
|
Pittsburgh Pirates batting - Pitching for Miami Marlins : RHP Mike Torres
|
|
Pitching: RHP Oscar Banda
|
|
|
Now at C: Jordan Barragan
|
|
|
Now at SS: Alberto Cotto
|
|
|
Now in RF: Adam Durgin
|
|
|
Batting: RHB Bubba Tierney
|
0-0: Foul Ball, location: 2F 0-1: Ball 1-1: DOUBLE (Line Drive, 9LD, EV 107.5 MPH)
|
|
Batting: RHB David Contreras
|
0-0: Called Strike 0-1: Ball 1-1: Ball 2-1: Ball 3-1: Base on Balls
|
|
Pinch Hitting: LHB Edwin Aguilar
|
0-0: Ball 1-0: Ball 2-0: Called Strike 2-1: Foul Ball, location: 2F 2-2: Strikes out swinging
|
|
Batting: RHB Robby Poyfair
|
0-0: Called Strike 0-1: Ground out 5-3 (Groundball, 56S, EV 65.6 MPH) Bubba Tierney to third David Contreras to second
|
|
Pinch Hitting: RHB Jason Moss
|
0-0: Ball 1-0: Ground out 4-3 (Groundball, 4, EV 98.8 MPH)
|
| Bottom of the 6th over - 0 runs, 1 hit, 0 errors, 2 left on base; Miami 1 - Pittsburgh 1 |
| TOP OF THE 7TH |
|
Miami Marlins batting - Pitching for Pittsburgh Pirates : RHP Hugo Rodriguez
|
|
Pitching: LHP John Mandarino
|
|
|
Now in CF: Jason Moss
|
|
|
Now in RF: Edwin Aguilar
|
|
|
Batting: RHB Bert Clark
|
0-0: Foul Ball, location: 2F 0-1: Ball 1-1: Swinging Strike 1-2: Ball 2-2: Strikes out looking
|
|
Batting: SHB Jordan Barragan
|
0-0: Ball 1-0: Foul Ball, location: 2F 1-1: Ground out 4-3 (Groundball, 4, EV 77.5 MPH)
|
|
Batting: RHB Mike Gar
|
0-0: Ball 1-0: Ball 2-0: Fly out, F9 (Flyball, 9S, EV 90.0 MPH)
|
| Top of the 7th over - 0 runs, 0 hits, 0 errors, 0 left on base; Miami 1 - Pittsburgh 1 |
| BOTTOM OF THE 7TH |
|
Pittsburgh Pirates batting - Pitching for Miami Marlins : RHP Oscar Banda
|
|
Pitching: RHP Chris Funderburg
|
|
|
Batting: SHB Trevor Weareorwear
|
0-0: Ball 1-0: Called Strike 1-1: Ball 2-1: SINGLE (Groundball, 5L, EV 94.4 MPH) (infield hit)
|
|
Batting: LHB Xavier Pittman
|
0-0: Ball 1-0: Ball 2-0: Ball 3-0: Base on Balls Trevor Weareorwear to second
|
|
Batting: LHB Chris Salim
|
0-0: Called Strike 0-1: Ball 1-1: Ball 2-1: Grounds into double play, 6-4-3 (Groundball, 6, EV 84.4 MPH) Trevor Weareorwear to third
|
|
Batting: RHB Chris Pozzi
|
0-0: Called Strike 0-1: Ball 1-1: Called Strike 1-2: Foul Ball, location: 2F 1-2: Ball 2-2: Ball 3-2: Foul Ball, location: 2F 3-2: Fly out, F3 (Popup, 3, EV 62.5 MPH)
|
| Bottom of the 7th over - 0 runs, 1 hit, 0 errors, 1 left on base; Miami 1 - Pittsburgh 1 |
| TOP OF THE 8TH |
|
Miami Marlins batting - Pitching for Pittsburgh Pirates : LHP John Mandarino
|
|
Pitching: RHP Walt Quinn
|
|
|
Batting: RHB Steve Barnard
|
0-0: Called Strike 0-1: Ball 1-1: Called Strike 1-2: Foul Ball, location: 2F 1-2: Foul Ball, location: 2F 1-2: DOUBLE (Line Drive, 78M, EV 92.5 MPH)
|
|
Batting: LHB Andre Gorter
|
0-0: Intentional Walk
|
|
Batting: LHB Eric Bailey
|
0-0: Ball 1-0: Sac Bunt to 15 - play at third, runner OUT! 1-6 Andre Gorter to second
|
|
Batting: RHB Alberto Cotto
|
0-0: Ball 1-0: Ball 2-0: Fly out, F9 (Flyball, 9S, EV 90.0 MPH)
|
|
Batting: RHB Adam McGurn
|
0-0: DOUBLE (Flyball, 8RXD, EV 111.9 MPH) Andre Gorter scores Eric Bailey to third Runner from 3rd tries for Home, SAFE, throw by CF to trailing runner, OUT at third! 8-3-5
|
| Top of the 8th over - 2 runs, 2 hits, 0 errors, 0 left on base; Miami 3 - Pittsburgh 1 |
| BOTTOM OF THE 8TH |
|
Pittsburgh Pirates batting - Pitching for Miami Marlins : RHP Chris Funderburg
|
|
Pitching: RHP Adam Thomas
|
|
|
Batting: RHB Bubba Tierney
|
0-0: Ground out 6-3 (Groundball, 6, EV 98.1 MPH)
|
|
Batting: RHB David Contreras
|
0-0: Called Strike 0-1: Foul Ball, location: 2F 0-2: Ball 1-2: Ball 2-2: Foul Ball, location: 2F 2-2: Strikes out swinging
|
|
Batting: LHB Edwin Aguilar
|
0-0: Ball 1-0: Ball 2-0: Foul Ball, location: 2F 2-1: Fly out, F7 (Flyball, 7LS, EV 91.2 MPH)
|
| Bottom of the 8th over - 0 runs, 0 hits, 0 errors, 0 left on base; Miami 3 - Pittsburgh 1 |
| TOP OF THE 9TH |
|
Miami Marlins batting - Pitching for Pittsburgh Pirates : RHP Walt Quinn
|
|
Pitching: LHP Jimmy Vanthournoutingtonle
|
|
|
Batting: LHB Adam Durgin
|
0-0: Ball 1-0: Ball 2-0: Swinging Strike 2-1: Called Strike 2-2: Strikes out swinging
|
|
Batting: RHB Bert Clark
|
0-0: Ball 1-0: Fly out, F9 (Flyball, 9D, EV 86.9 MPH)
|
|
Batting: SHB Jordan Barragan
|
0-0: Ball 1-0: Ball 2-0: Ground out 5-3 (Groundball, 56, EV 88.1 MPH)
|
| Top of the 9th over - 0 runs, 0 hits, 0 errors, 0 left on base; Miami 3 - Pittsburgh 1 |
| BOTTOM OF THE 9TH |
|
Pittsburgh Pirates batting - Pitching for Miami Marlins : RHP Adam Thomas
|
|
Pitching: RHP Matt Murray
|
|
|
Batting: RHB Robby Poyfair
|
0-0: Ball 1-0: Ground out 6-3 (Groundball, 6, EV 101.2 MPH)
|
|
Batting: RHB Jason Moss
|
0-0: Ball 1-0: Foul Ball, location: 2F 1-1: Called Strike 1-2: Foul Ball, location: 2F 1-2: Ball 2-2: Strikes out swinging
|
|
Pinch Hitting: SHB Brad Day
|
0-0: Ball 1-0: Foul Ball, location: 2F 1-1: Ground out 1-3 (Groundball, 13S, EV 68.8 MPH)
|
| Bottom of the 9th over - 0 runs, 0 hits, 0 errors, 0 left on base; Miami 3 - Pittsburgh 1 |
|